 Dungeon Crawl Stone Soup version 0.28-a0-1629-gf728b707aa (webtiles) character file.

Game seed: 15048244203699418061

4 Ajdolov the Ruffian (level 1, 0/18 HPs)
             Began as a Naga Transmuter on Jan 25, 2022.
             Slain by a goblin (4 damage)
             ... on level 1 of the Dungeon.
             The game lasted 00:00:40 (389 turns).

Ajdolov the Ruffian (Naga Transmuter)                Turns: 389, Time: 00:00:41

Health: 0/18       AC:  1    Str: 12    XL:     1   Next: 70%
Magic:  3/3        EV:  9    Int: 13    God:
Gold:   0          SH:  0    Dex: 11    Spells: 3/4 levels left

rFire   . . .      SeeInvis +     - Unarmed
rCold   . . .      Faith    .   (no shield)
rNeg    . . .      Spirit   .   a - +0 robe
rPois   +          Reflect  .   (no helmet)
rElec   .          Harm     .   (no cloak)
rCorr   .          Rampage  .   (no gloves)
Will    .....                   (no barding)
Stlth   +.........              (no amulet)
HPRegen 0.06/turn               (no ring)
MPRegen 0.08/turn               (no ring)

@: short of breath, very slow
A: AC +0, large, see invisible, deformed body, poison resistance, slowness 2,
spit poison 1, naga tail 1
a: Spit Poison


You were on level 1 of the Dungeon.
You visited 1 branch of the dungeon, and saw 1 of its levels.

Inventory:

Armour
 a - a +0 robe (worn)


   Skills:
 * Level 1.2 Fighting
 + Level 1.6 Dodging
 - Level 3.0 Unarmed Combat
 * Level 2.1 Spellcasting
 - Level 2.0 Transmutations


You had 3 spell levels left.
You knew the following spells:

 Your Spells              Type           Power      Damage    Failure   Level
a - Beastly Appendage     Tmut           12%        N/A       11%         1

Your spell library contained the following spells:

 Spells                   Type           Power      Damage    Failure   Level
 Wereblood                Tmut           6%         N/A       17%         2
 Spider Form              Tmut/Pois      4%         N/A       45%         3
 Ice Form                 Ice/Tmut       4%         N/A       86%         4


Dungeon Overview and Level Annotations

Branches:
Dungeon (1/15)

Altars:


Innate Abilities, Weirdness & Mutations

Your serpentine skin is tough. (AC +0)
You have supernaturally acute eyesight. (SInv)
Armour fits poorly on your strangely shaped body.
Your system is resistant to poisons. (rPois)
You cover ground very slowly.
You can spit poison.
You have a snake-like lower body.


Message History

Your horns disappear.
HP restored.
You see here a hobgoblin corpse.
A goblin comes into view. It is wielding a +0 dagger.
Found a book of Dangerous Friends.
The goblin shouts!
A bat comes into view.
A goblin comes into view. It is wielding a +0 club.
You closely miss the bat. The bat hits you but does no damage.
The goblin hits you with a +0 dagger.
Casting: Beastly Appendage (safe; 11% risk of failure)
Confirm with . or Enter, or press ? or * to list all spells.
You grow a pair of large bovine horns.
The bat barely misses you. The goblin hits you with a +0 dagger.
You miss the goblin. Your headbutt misses the goblin.
The goblin closely misses you. The bat hits you but does no damage.
You barely miss the bat. The bat hits you.
The goblin hits you with a +0 dagger.
You barely miss the bat.
Your transformation is almost over.
The bat hits you. The goblin hits you with a +0 dagger.
You are too injured to fight recklessly!
You are too injured to fight recklessly!
The bat hits you but does no damage. The bat hits you but does no damage.
Found a scroll labelled HURINGA CUDYRPH.
The bat barely misses you. x2
Aiming: Spit Poison (3% risk of failure)
Press: ? - help, Shift-Dir - straight line, f - goblin
Aim: a goblin, wielding a +0 club (43% to hit)
The splash of poison hits the bat!
You kill the bat!
You are too injured to fight recklessly!
The goblin hits you with a +0 dagger.
* * * LOW HITPOINT WARNING * * *
The goblin closely misses you. The goblin barely misses you.
You barely miss the goblin.
Your horns disappear.
The goblin closely misses you. The goblin hits you with a +0 dagger.
You die...

.....###
.....# ###
####
.....####....
....
..........>#
.....
.........###
....
.....#####
...
......####
###.#
....(.†..##
#.g?#
....####..###
#@### .####
##...####g# .
###......###
#####....#
#..#.# #.##.#
#.# .. ..#
... ...# ....


You could see 2 goblins.

Vanquished Creatures
  A goblin (D:1)
  A hobgoblin (D:1)
  A bat (D:1)
  A frilled lizard (D:1)
  A rat (D:1)
5 creatures vanquished.

Notes
Turn   | Place    | Note
-------+----------+-------------------------------------------
     0 | D:1      | Ajdolov the Naga Transmuter began the quest for the Orb.
     0 | D:1      | Reached XP level 1. HP: 18/18 MP: 3/3
   389 | D:1      | Slain by a goblin

Illustrated notes

Levels and vault maps discovered:
D:1:      wander_arrival_peaceful_grave, layout_rooms,
          ebering_ecumenical_altar_mist

Action                   || total
-------------------------++-------
Melee: Unarmed           ||    20
       Headbutt          ||     2
 Cast: Beastly Appendage ||     3
 Abil: Spit Poison       ||     1
Armor: Robe              ||     5
Dodge: Dodged            ||    10

Table legend: (Time is in decaauts)
 A = Elapsed time spent in this place.
 B = Non-inter-level travel time spent in this place.
 C = Inter-level travel time spent in this place.
 D = Time resting spent in this place.
 E = Time spent auto-exploring this place.
 F = Levels seen in this place.
 G = Mean time per level.
                   A        B        C        D        E       F      G
               +--------+--------+--------+--------+--------+-----+--------+
         Total |    403 |    403 |      0 |    217 |    142 |   1 |  403.0 |
       Dungeon |    403 |    403 |      0 |    217 |    142 |   1 |  403.0 |
               +--------+--------+--------+--------+--------+-----+--------+

Top non-repeatable levels by time:
     D:1: 403 daAuts
